 Dungeon Crawl Stone Soup version 0.29.0-13-gc9e81de378 (webtiles) character file.

Game seed: 3802850994740247663

609 SnakkuSnakku7 the Shooter (level 7, 0/49 HPs)
             Began as a Djinni Hunter on Sept 10, 2022.
             Slain by a scorpion (7 damage)
             ... on level 5 of the Dungeon.
             The game lasted 00:03:55 (3583 turns).

SnakkuSnakku7 the Shooter (Djinni Hunter)           Turns: 3583, Time: 00:03:55

Health: 0/49       AC:  4    Str: 10    XL:     7   Next: 71%
Gold:   156        EV: 12    Int: 10    God:
                   SH:  0    Dex: 19

rFire   + + .      SeeInvis .   a - +0 shortbow
rCold   x . .      Faith    .   (shield currently unavailable)
rNeg    . . .      Spirit   .   c - +0 leather armour
rPois   ∞          Reflect  .   (no helmet)
rElec   .          Harm     .   j - +0 cloak
rCorr   .          Rampage  .   (no gloves)
Will    .....                   (boots unavailable)
Stlth   ++........              (no amulet)
HPRegen 0.16/turn               (no ring)
MPRegen 0.00/turn               (no ring)

@: flying
A: sickness immunity, fire resistance 2, cold vulnerability 1, float, innate
caster, HP casting, extra vitality 1
a: no special abilities


You were on level 5 of the Dungeon.
You visited 1 branch of the dungeon, and saw 5 of its levels.

You collected 156 gold pieces.

Inventory:

Hand Weapons
 a - a +0 shortbow (weapon)
Armour
 c - a +0 leather armour (worn)
 j - a +0 cloak (worn)
Scrolls
 b - a scroll of immolation
 d - 2 scrolls of poison
 f - a scroll of noise {unknown}
 i - a scroll of vulnerability {unknown}
 k - 4 scrolls of identify
 n - 2 scrolls of teleportation
 o - a scroll of amnesia {unknown}
Potions
 e - 2 potions of brilliance {unknown}
 g - 3 potions of curing {unknown}
 h - a potion of heal wounds
 l - a potion of invisibility {unknown}
 m - a potion of ambrosia {unknown}
 p - 2 potions of resistance {unknown}
 q - 3 potions of lignification {unknown}
 r - a potion of flight


   Skills:
 - Level 2.0 Fighting
 + Level 7.3 Ranged Weapons
 - Level 2.1 Dodging
 - Level 0.7 Stealth


You had one spell level left.
You knew the following spells:

 Your Spells              Type           Power      Damage    Failure   Level
a - Magic Dart            Conj           0%         1d3       45%         1
b - Call Imp              Summ           0%         N/A       61%         2
c - Poisonous Vapours     Pois/Air       0%         N/A       61%         2
Your spell library was empty.

Dungeon Overview and Level Annotations

Branches:
Dungeon (5/15)
 Temple: D:4-7

Altars:
Elyvilon


Innate Abilities, Weirdness & Mutations

You are immune to sickness and miasma.
You are immune to poison.
Your flesh is very heat resistant. (rF++)
You are vulnerable to cold. (rC-)
You float through the air rather than walking.
You learn spells naturally, not from books.
Your magical power is your life essence.
You have superior vitality. (+4 MHP)


Message History

Fire: a) +0 shortbow
Press: ? - help, Q - select action, (/) - cycle Shift-Dir - straight line, f/p - orc
Aim: an orc, wielding a +0 short sword (heavily wounded, 65% to hit)
You shoot an arrow. The arrow hits the orc!
You kill the orc!
Unknown command.
Fire: a) +0 shortbow
Press: ? - help, Q - select action, (/) - cycle Shift-Dir - straight line, f - orc
Aim: an orc, wielding a +0 dagger (65% to hit)
You shoot an arrow. The arrow hits the orc.
The orc is lightly wounded.
The orc hits you but does no damage.
Fire: a) +0 shortbow
Press: ? - help, Q - select action, (/) - cycle Shift-Dir - straight line, f/p - orc
Aim: an orc, wielding a +0 dagger (lightly wounded, 65% to hit)
You shoot an arrow. The arrow hits the orc!
You kill the orc!
A nearby fungus withers and dies.
The scorpion barely misses you.
Fire: a) +0 shortbow
Press: ? - help, Q - select action, (/) - cycle Shift-Dir - straight line, f - scorpion
Aim: a scorpion (65% to hit)
You shoot an arrow. The arrow closely misses the scorpion.
The scorpion stings you.
* * * LOW HITPOINT WARNING * * *
Fire: a) +0 shortbow
Press: ? - help, Q - select action, (/) - cycle Shift-Dir - straight line, f/p - scorpion
Aim: a scorpion (65% to hit)
You shoot an arrow. The arrow hits the scorpion.
The scorpion is lightly wounded.
The scorpion stings you but does no damage.
The scorpion stings you.
* * * LOW HITPOINT WARNING * * *
Fire: a) +0 shortbow
Press: ? - help, Q - select action, (/) - cycle Shift-Dir - straight line, f/p - scorpion
Aim: a scorpion (lightly wounded, 65% to hit)
You shoot an arrow.
The arrow hits the scorpion but does no damage.
The scorpion is lightly wounded.
The scorpion stings you!
You die...

#... #.P.#........# ##.
#...#........# #
##.###'####### #.#....†...#
##.##.#####.#
###...###...#.#
..._.....P...#
###...###...#.#
##########.##@##.#####.#
#...#(......#s#...#....#
#...#......##.##..#....#
######'#......#...#..#....#
..........##'##...#..#....#
..........#...#...#..#....#
.........s'.o.##.##..'....#
..........###'#......##...#
#####.<...............#...#


You could see a scorpion.

Vanquished Creatures
  An ice beast (D:5)
  A black bear (D:3)
  2 scorpions
  A jelly (D:5)
  2 iguanas (D:5)
  An orc wizard (D:4)
  3 gnolls (D:3)
  8 adders
  3 worms (D:3)
  2 dart slugs (D:1)
  9 orcs
  7 ball pythons
  6 bats
  7 endoplasms
  3 giant cockroaches
  4 goblins
  3 hobgoblins
  8 jackals (D:2)
  A quokka (D:1)
  3 frilled lizards
  7 kobolds
  2 rats
84 creatures vanquished.

Vanquished Creatures (others)
  A fungus (D:5)
1 creature vanquished.

Grand Total: 85 creatures vanquished

Notes
Turn   | Place    | Note
-------+----------+-------------------------------------------
     0 | D:1      | SnakkuSnakku7 the Djinni Hunter began the quest for the
                  | Orb.
     0 | D:1      | Reached XP level 1. HP: 18/18 MP: 0/0
    85 | D:1      | Reached XP level 2. HP: 23/23 MP: 0/0
   479 | D:2      | Reached skill level 4 in Ranged Weapons
   479 | D:2      | Reached XP level 3. HP: 28/28 MP: 0/0
   479 | D:2      | Learned a level 1 spell: Magic Dart
   952 | D:2      | Reached XP level 4. HP: 30/33 MP: 0/0
  1209 | D:2      | Identified the +2 leather armour of the Villain {Drain
                  | Regen+ Int+2}
  1598 | D:3      | Reached skill level 5 in Ranged Weapons
  1598 | D:3      | Reached XP level 5. HP: 32/38 MP: 0/0
  1598 | D:3      | Learned a level 2 spell: Call Imp
  2334 | D:3      | Found a faded altar of an unknown god.
  2500 | D:3      | Noticed a black bear
  2507 | D:3      | Killed a black bear
  2508 | D:3      | Reached skill level 6 in Ranged Weapons
  2508 | D:3      | Reached XP level 6. HP: 25/43 MP: 0/0
  2983 | D:4      | Noticed an ogre
  2993 | D:5      | Entered Level 5 of the Dungeon
  2993 | D:5      | Noticed an ice beast
  3152 | D:5      | Reached XP level 7. HP: 34/49 MP: 0/0
  3152 | D:5      | Learned a level 2 spell: Poisonous Vapours
  3374 | D:5      | Reached skill level 7 in Ranged Weapons
  3571 | D:5      | Found a white marble altar of Elyvilon.
  3583 | D:5      | Slain by a scorpion

Illustrated notes

Levels and vault maps discovered:
D:1:      evilmike_arrival_fibonacci_small, layout_rooms
D:2:      layout_rooms, serial_co_window_serial, co_window_of_opportunity_a,
          co_window_corner_a, co_window_paths_b, co_window_cross_1,
          co_window_corner_a, co_window_corner_b, co_window_paths_c,
          co_window_corner_b, co_window_of_opportunity_c,
          co_window_unsneaky_path_e, co_window_2corner, co_window_corner_b,
          glass_columns_b, glass_columns_c, glass_columns_b, glass_columns_c,
          glass_columns_c
D:3:      layout_basic, shapermc_ecumenical_altar_ellora, minmay_circle_x
D:4:      layout_loops_cross, ebering_ghost_disaster_area
D:5:      layout_gridville, elyvilon_altar_1

Skill      XL: |  1  2  3  4  5  6  7 |
---------------+----------------------+-----
Ranged Weapons | 4 5 6 7 |  7.3
Fighting       | |  2.0
Dodging        | |  2.1
Stealth        | |  0.7

Action                   |  1- 3 |  4- 6 |  7- 9 || total
-------------------------+-------+-------+-------++-------
 Fire: Shortbow          |    89 |   161 |    33 ||   283
  Use: Scroll            |       |     3 |       ||     3
       Potion            |       |     2 |       ||     2
Armor: Leather armour    |    28 |    33 |     5 ||    66
Dodge: Dodged            |    54 |    98 |     9 ||   161
